 Dungeon Crawl Stone Soup version 0.13.1-2-gfb2c2b7 (webtiles) character file.

338 Czerbonog the Cutter (level 5, -3/49 HPs)
             Began as a Kobold Berserker on Dec 6, 2013.
             Was a Believer of Trog.
             Slain by an iguana (12 damage)
             ... on Level 3 of the Dungeon.
             The game lasted 00:07:05 (2806 turns).

Czerbonog the Cutter (Kobold Berserker)             Turns: 2806, Time: 00:07:06

HP  -3/49        AC  2     Str 22      XL: 5   Next: 70%
MP   4/4         EV 15     Int  6      God: Trog [**....]
Gold 177         SH  0     Dex 14      Spells:  0 memorised,  4 levels left

Res.Fire  : . . .   See Invis. : .   a - +1,+0 short sword (curse)
Res.Cold  : . . .   Warding    : .   b - +0 animal skin
Life Prot.: . . .   Conserve   : .   (no shield)
Res.Poison: .       Res.Corr.  : .   (no helmet)
Res.Elec. : .       Clarity    : .   (no cloak)
Sust.Abil.: . .     Spirit.Shd : .   (no gloves)
Res.Mut.  : .       Stasis     : .   (no boots)
Res.Rott. : .       Flight     : .   (no amulet)
Saprovore : + + .                    (no ring)
                                     (no ring)

@: berserking, very quick, slightly resistant to hostile enchantments, extremely
unstealthy
A: disease resistance, carnivore 3, saprovore 2
a: Burn Spellbooks, Berserk, Trog's Hand, Renounce Religion


You were on level 3 of the Dungeon.
You worshipped Trog.
Trog was pleased with you.
You were very full.

You visited 1 branch of the dungeon, and saw 3 of its levels.

You collected 157 gold pieces.

Inventory:

Hand weapons
 a - a cursed +1,+0 short sword (weapon)
 d - a +1,+0 dagger of venom
Missiles
 h - 2 darts of frost (quivered)
Armour
 b - a +0 animal skin (worn)
Magical devices
 m - a wand of frost (0)
Comestibles
 c - a meat ration
Scrolls
 e - a scroll of enchant weapon I
 f - a scroll of fear {unknown}
 g - a scroll of remove curse {unknown}
 i - a scroll of teleportation
 k - a scroll of blinking
Jewellery
 j - an uncursed ring of fire {unknown}
 o - an uncursed amulet of clarity {unknown}
Potions
 l - a potion of poison


   Skills:
 - Level 3.2 Fighting
 + Level 5.7 Short Blades
 - Level 1.5 Armour
 - Level 2.4 Dodging
 * Level 5.6 Stealth


You had 4 spell levels left.
You didn't know any spells.

Dungeon Overview and Level Annotations

Branches:
Dungeon (3/27)

Altars:
Ashenzari
Makhleb
Vehumet
Yredelemnul


Innate Abilities, Weirdness & Mutations

You recuperate from illness quickly.
You are small and have problems with some larger weapons.
You are carnivorous and can eat meat at any time.
You can eat rotten meat.


Message History

The iguana bites you!
You hit the iguana but do no damage.
The iguana is heavily wounded.
The iguana misses you.
You barely miss the iguana.
The iguana is heavily wounded.
The iguana bites you but does no damage.
You hit the iguana but do no damage.
The iguana is heavily wounded.
The iguana bites you!
* * * LOW HITPOINT WARNING * * *
You are too injured to fight recklessly!
You are too injured to fight recklessly!
Use which ability? (? or * to list) Use which ability? (? or * to list) Use which ability? (? or * to list)
A red film seems to cover your vision as you go berserk!
You feel yourself moving faster!
You feel mighty!
You feel somewhat less full. The iguana bites you!
You die...

...#_..##.##.......)........##...
...#....'.##............##....+..
####_..######.#################..
##.## #..## #.. #### ##..#####
##+ #..# ##.....## #. #.##
#####..# #### #.# ########.##
#... #####.# #..l@.....# #...
....#.#######.........# #...
###)..................# ######...
###.#######.........###........
##...# #.............####...
#..### ##.#####...##### #...
##.## ###..#...#...## #... #..#
#....#...#....# #### #.##
##.####.[.####.## #


You could see an iguana.

Vanquished Creatures
  A crimson imp (D:3)
  5 adders
  A giant mite (D:3)
  A worm (D:3)
  3 giant geckos
  3 orcs (D:3)
  10 bats
  6 giant cockroaches
  9 goblins
  10 hobgoblins
  A ball python (D:1)
  A giant newt (D:2)
  4 jackals (D:1)
  6 kobolds
  3 rats
64 creatures vanquished.

Notes
Turn   | Place    | Note
--------------------------------------------------------------
     0 | D:1      | Czerbonog, the Kobold Berserker, began the quest for the Orb.
     0 | D:1      | Reached XP level 1. HP: 14/14 MP: 0/0
    26 | D:1      | Reached skill level 1 in Stealth
   291 | D:1      | Reached XP level 2. HP: 17/19 MP: 1/1
   585 | D:1      | Reached XP level 3. HP: 21/24 MP: 2/2
   681 | D:1      | Acquired Trog's second power
  1104 | D:2      | Reached XP level 4. HP: 25/28 MP: 3/3
  1228 | D:2      | Reached skill level 5 in Short Blades
  1499 | D:2      | Found a basalt altar of Yredelemnul.
  1656 | D:2      | Paralysed by a potion of paralysis for 3 turns
  1769 | D:3      | Found a shattered altar of Ashenzari.
  2075 | D:3      | Reached XP level 5. HP: 33/33 MP: 4/4
  2445 | D:3      | Reached skill level 5 in Stealth
  2627 | D:3      | Found a burning altar of Makhleb.
  2628 | D:3      | Found a radiant altar of Vehumet.
  2806 | D:3      | Slain by an iguana

Action                   |  1- 3 |  4- 6 || total
-------------------------+-------+-------++-------
Melee: Short sword       |   129 |   156 ||   285
Invok: Berserk           |     1 |     1 ||     2
       Trog's Hand       |     1 |       ||     1
  Use: Potion            |       |     6 ||     6
       Scroll            |       |     5 ||     5
 Stab: Sleeping          |     4 |     7 ||    11
